Map: Dusty Gorge

Players

Throwfordays

  • Race: Protoss Protoss
  • League: Silver
  • Spawn Location: 3:00

Cthulhu

  • Race: Protoss Protoss
  • Spawn Location: 5:00

CrimsoN - Winner!

  • Race: Zerg Zerg
  • League: Diamond
  • Spawn Location: 11:00

Rev - Winner!

  • Race: Terran Terran
  • Spawn Location: 9:00

VOD

Have the link to the VOD?

Description

Time

  • Played on: Feb. 28, 2019, 11:11 p.m.
  • Length: 6:35
Show
View Real Time Build Order
Export as new Build Order

Throwfordays Protoss 

Build Orders: Double Forge, Nexus First 

Get SALT Encoding   

  12  0:01  Probe  
  13  0:13  Probe  
  14  0:18  Pylon  
  14  0:25  Probe  
  15  0:37  Probe  
  16  0:59  Nexus  
  16  1:02  Probe  
  17  1:10  Pylon  
  17  1:24  Gateway  
  17  1:32  Gateway  
  17  1:44  Gateway  
  17  2:00  Pylon  
  17  2:03  Forge  
  17  2:09  Assimilator  
  17  2:12  Cybernetics Core  
  17  2:22  Assimilator  
  17  2:26  Probe  
  17  2:29  Probe  
  18  2:35  Warp Gate  
  19  2:37  Probe  
  19  2:39  Probe  
  21  2:47  Probe  
  21  2:51  Probe  
  23  2:59  Probe  
  23  3:04  Probe  
  25  3:11  Probe  
  26  3:16  Probe  
  26  3:19  Photon Cannon  
  27  3:23  Probe  
  27  3:27  Photon Cannon  
  28  3:28  Protoss Ground Weapons Level 1, Probe  
  29  3:35  Probe  
  29  3:36  Photon Cannon  
  30  3:46  Probe  
  31  3:49  Forge  
  31  3:54  Probe  
  31  4:02  Probe  
  32  4:05  Zealot  
  32  4:07  Protoss Ground Armor Level 1, Zealot  
  37  4:10  Pylon  
  37  4:14  Probe  
  38  4:25  Twilight Council  
  38  4:26  Probe  
  38  4:30  Pylon  
  39  4:36  Photon Cannon  
  39  4:40  Photon Cannon  
  39  4:57  Stalker x3  
  45  5:14  Shield Battery  
  45  5:15  Shield Battery  
  45  5:16  Shield Battery  
  45  5:20  Stalker  
  45  5:21  Stalker x2  
  49  5:22  Shield Battery  
  51  5:44  Probe  
  52  5:52  Pylon  
  52  5:56  Pylon, Probe  
  53  6:08  Probe  
  50  6:20  Probe  
  50  6:24  Zealot x3  
Show
View Real Time Build Order
Export as new Build Order

Cthulhu Protoss 

Build Orders: Blink Stalkers 

Get SALT Encoding   

  1  0:00  Probe  
  13  0:07  Probe  
  14  0:21  Pylon  
  14  0:22  Probe  
  15  0:39  Probe  
  15  0:40  Gateway  
  16  0:51  Probe  
  16  0:53  Assimilator  
  17  1:07  Gateway  
  17  1:09  Pylon  
  17  1:13  Probe  
  18  1:22  Probe  
  19  1:38  Cybernetics Core  
  19  1:44  Probe  
  20  1:54  Warp Gate  
  20  2:01  Nexus  
  20  2:06  Probe  
  21  2:19  Stalker  
  23  2:32  Pylon  
  23  2:35  Pylon  
  23  2:38  Stalker  
  25  2:54  Twilight Council  
  25  2:56  Assimilator  
  25  2:57  Probe  
  26  3:20  Probe  
  26  3:23  Probe  
  28  3:35  Blink, Probe  
  29  3:43  Zealot  
  29  3:44  Zealot  
  33  4:03  Probe x2  
  35  4:13  Pylon  
  35  4:17  Probe  
  35  4:18  Robotics Facility  
  35  4:21  Probe  
  37  4:28  Probe  
  37  4:33  Probe  
  39  4:40  Probe  
  39  4:45  Forge  
  40  4:46  Stalker x2  
  42  4:59  Observer  
  41  5:13  Stalker x2  
  45  5:17  Immortal  
  45  5:20  Nexus  
  49  5:21  Pylon  
  49  5:23  Probe  
  49  5:26  Probe  
  51  5:39  Probe  
  51  5:42  Zealot x2  
  39  6:03  Stalker  
  37  6:26  Zealot x2  
Show
View Real Time Build Order
Export as new Build Order

CrimsoN Zerg - Winner!

Build Orders: Hatch First, Roach Nydus 

Get SALT Encoding   

  12  0:01  Drone  
  13  0:13  Overlord  
  13  0:22  Drone  
  14  0:32  Drone  
  14  0:33  Drone  
  16  0:44  Drone  
  17  0:58  Hatchery  
  17  1:00  Drone  
  17  1:02  Drone  
  18  1:14  Extractor  
  17  1:18  Spawning Pool  
  17  1:21  Drone  
  17  1:29  Drone  
  18  1:33  Drone  
  19  1:43  Drone  
  20  2:04  Extractor  
  20  2:06  Queen  
  20  2:07  Roach Warren  
  20  2:08  Overlord  
  20  2:13  Queen  
  22  2:19  Drone  
  23  2:24  Metabolic Boost  
  23  2:29  Drone  
  24  2:32  Drone  
  25  2:37  Drone  
  25  2:41  Drone  
  27  2:46  Drone  
  27  2:49  Drone  
  29  2:54  Drone  
  29  2:56  Drone  
  31  3:04  Lair  
  31  3:15  Drone x4  
  31  3:19  Overlord  
  35  3:28  Overlord  
  39  3:41  Roach x4  
  39  3:43  Overlord  
  43  3:54  Roach x2  
  43  3:55  Roach x2  
  51  4:04  Zergling x4  
  51  4:05  Zergling x6  
  56  4:18  Zergling x8  
  56  4:23  Nydus Network  
  59  4:26  Zergling x2  
  59  4:30  Overlord x2  
  61  4:52  Nydus Network  
  60  4:56  Zergling x8  
  60  4:57  Zergling x6  
  67  5:00  Queen  
  67  5:01  Queen  
  71  5:07  Overlord x2  
  71  5:15  Overlord  
  71  5:30  Nydus Canal  
  71  5:35  Roach x4  
  79  5:50  Nydus Canal  
  79  5:52  Zergling x10  
  79  5:53  Zergling x6  
Show
View Real Time Build Order
Export as new Build Order

Rev Terran - Winner!

Build Orders:  

Get SALT Encoding   

  12  0:01  SCV  
  13  0:17  Supply Depot  
  13  0:22  Refinery  
  13  0:32  SCV  
  14  0:42  Barracks  
  14  1:01  SCV  
  15  1:05  Supply Depot  
  15  1:13  SCV  
  16  1:25  SCV  
  17  1:37  SCV  
  18  1:42  Factory  
  18  1:49  SCV  
  19  2:01  SCV  
  19  2:04  Barracks Reactor  
  20  2:13  Refinery, SCV  
  21  2:25  SCV  
  22  2:33  Starport  
  22  2:41  SCV  
  23  2:44  Marine x2  
  25  2:53  SCV  
  26  3:02  Marine x2  
  26  3:04  Factory Tech Lab  
  28  3:05  SCV  
  28  3:10  Medivac  
  31  3:23  Supply Depot  
  31  3:25  Orbital Command  
  31  3:43  Barracks  
  31  3:44  Marine x2  
  31  3:47  Supply Depot  
  33  4:02  Marine x2  
  38  4:10  Supply Depot, Siege Tank  
  38  4:20  Marine x2  
  38  4:22  Medivac  
  42  4:34  Supply Depot  
  42  4:38  Marine x2  
  44  4:48  Barracks Tech Lab  
  44  4:50  Siege Tank  
  47  4:56  Marine x2  
  49  5:12  Marine  
  49  5:14  Marine x2  
  52  5:15  Medivac  
  54  5:29  Marine  
  54  5:31  Marine x2  
  53  5:47  Marine  
  53  5:49  Marine  
Tags
 
Add a new tag
Caveats
  • Supply blocks, unpowered buildings, or Contaminate may cause inaccurate times.
  • Supply counts are checked every 10 seconds.